 Dungeon Crawl Stone Soup version 0.31-a0-23-gcbde74481b (webtiles) character file.

Game seed: 15082209761342499113

(classic levelgen) 979 Amnesiac the Prestidigitator (level 7, -8/36 HPs)
             Began as a Spriggan Delver on May 13, 2023.
             Was an Initiate of Gozag.
             Mangled by a steam dragon (10 damage)
             ... on level 6 of the Dungeon.
             The game lasted 00:12:37 (4735 turns).

Amnesiac the Prestidigitator (Spriggan Delver)      Turns: 4735, Time: 00:12:37

Health: -8/36      AC:  2    Str:  8    XL:     7   Next: 96%
Magic:  8/8        EV: 22    Int: 12    God:    Gozag
Gold:   734        SH:  0    Dex: 18    Spells: 6/6 levels left

rFire   . . .        v - +2 whip (drain)
rCold   . . .        (no shield)
rNeg    . . .        b - +0 robe
rPois   .            (helmet restricted)
rElec   .            (no cloak)
rCorr   .            (gloves unavailable)
SInv    +            (boots unavailable)
Will    +....        (no amulet)
Stlth   ++++         (no ring)
HPRegen 0.26/turn    (no ring)
MPRegen 0.11/turn

%: no passive effects
@: gold aura, very quick
A: very small, no large weapons, unfitting armour, see invisible, speed 3
a: Renounce Religion, Potion Petition, Call Merchant, Bribe Branch


You were on level 6 of the Dungeon.
You worshipped Gozag.
Gozag was pleased with you.
You visited 2 branches of the dungeon, and saw 7 of its levels.

You collected 782 gold pieces.
You spent 26 gold pieces at shops.
You paid 22 gold pieces to Gozag.

Inventory:

Hand Weapons
 o - a +0 trident
 q - a +2 dagger of speed
 r - a +0 sling
 v - a +2 whip of draining (weapon)
Missiles
 p - 4 boomerangs of dispersal (quivered)
 s - 53 stones
 E - 2 throwing nets
Armour
 b - a +0 robe (worn)
Wands
 g - a wand of digging (3)
 y - a wand of mindburst (15)
 B - a wand of paralysis (15)
Scrolls
 c - a scroll of fog {!r}
 d - 3 scrolls of magic mapping {!r}
 e - a scroll of fear {!r}
 h - 7 scrolls of identify {!r}
 j - 4 scrolls of teleportation {!r, unknown}
 k - a scroll of torment {!r, unknown}
 l - a scroll of enchant weapon {!r, unknown}
 t - a scroll of silence {!r, unknown}
 x - a scroll of summoning {!r, unknown}
 A - a scroll of blinking {!r, unknown}
 D - a scroll of vulnerability {!r, unknown}
 F - a scroll of immolation {!r, unknown}
Potions
 a - 2 potions of mutation {!q, unknown}
 f - a potion of haste {!q}
 i - 3 potions of curing {!q}
 m - 2 potions of flight {!q, unknown}
 n - a potion of brilliance {!q, unknown}
 u - a potion of berserk rage {!q, unknown}
 w - a potion of attraction {!q, unknown}
 z - 3 potions of heal wounds {!q, unknown}
 C - a potion of resistance {!q, unknown}


   Skills:
 - Level 3.0 Fighting
 - Level 2.5 Short Blades
 + Level 7.5 Dodging
 - Level 7.2 Stealth
 - Level 9.1 Evocations


You had 6 spell levels left.
You didn't know any spells.
Your spell library contained the following spells:

 Spells                   Type           Power      Damage    Failure   Level
 Slow                     Hex            0%         N/A       32%         1
 Confusing Touch          Hex            0%         N/A       69%         3
 Vampiric Draining        Necr           0%         2d6       69%         3


Dungeon Overview and Level Annotations

Branches:
Dungeon (6/15)             Temple (1/1) D:5

Altars:
Ashenzari
Cheibriados
Dithmenos
Elyvilon
Fedhas
Gozag
Hepliaklqana
Kikubaaqudgha
Nemelex Xobeh
Okawaru
Qazlal
Ru
Sif Muna
Trog
Vehumet
Wu Jian
Xom
Yredelemnul
The Shining One

Shops:
D:1 ?

Annotations:
D:6 Prince Ribbit


Innate Abilities, Weirdness & Mutations

You are very small and have problems with some larger weapons.
You are too small for most types of armour.
You have supernaturally acute eyesight. (SInv)
You cover ground extremely quickly. (Speed+++)


Message History

The plant begins to die.
The orc wizard misses you. The orc completely misses you.
The orc hits the plant with a +0 mace.
The plant begins to die.
Prince Ribbit croaks regally.
You closely miss the orc wizard.
The orc wizard hits you but does no damage.
The orc wizard hits the plant with a +0 dagger.
The orc barely misses you.
You closely miss the orc.
The orc is heavily wounded.
The orc wizard hits the plant with a +0 dagger.
The orc wizard misses you. Prince Ribbit misses you.
The orc hits you with a +0 short sword.
You are too confused!
Unknown command.
Unknown command.
Really quaff
i - 6 potions of curing {!q}?
You feel better.
A nearby plant withers and dies.
Prince Ribbit misses you.
The orc wizard splashes around in the water.
The orc wizard hits the plant with a +0 dagger.
The orc misses you.
Prince Ribbit blinks!
An orc wizard comes into view. It is wielding a +0 dagger.
Okay, then.
You hit the orc.
The orc is severely wounded.
A nearby plant withers and dies.
The orc wizard hits you with a +0 dagger.
The orc hits you with a +0 short sword. The orc wizard misses you.
The orc wizard hits you with a +0 dagger.
You completely miss the orc.
The orc is severely wounded.
The orc wizard hits the plant with a +0 dagger.
The plant begins to die.
The orc completely misses you.
The orc wizard hits you with a +0 dagger.
The orc wizard misses you.
You hit the orc wizard.
The orc wizard is lightly wounded.
The orc wizard hits the plant with a +0 dagger.
The orc misses you.
Prince Ribbit blinks!
The steam dragon breathes steam at you.
The ball of steam hits the orc!
The orc dies!
The ball of steam hits you!
* * * LOW HITPOINT WARNING * * *
The orc wizard is distracted by your dazzling golden aura.
The orc wizard misses you. The orc hits you with a +0 short sword.
* * * LOW HITPOINT WARNING * * *
The orc wizard hits the plant with a +0 dagger.
The orc wizard shouts!
Really quaff
i - 5 potions of curing {!q}?
You feel better.
You are engulfed in a cloud of scalding steam.
* * * LOW HITPOINT WARNING * * *
The orc wizard is no longer distracted by gold.
The orc wizard closely misses you. The orc completely misses you.
The orc wizard splashes around in the water.
Really quaff
i - 4 potions of curing {!q}?
You feel better.
You are engulfed in a cloud of scalding steam.
* * * LOW HITPOINT WARNING * * *
The orc wizard is engulfed in a cloud of scalding steam.
The steam dragon bites you!
You die...
Your body crumbles into a pile of gold.

#.......#
#.......###
#.........#
#.......#..# ###
#....F..##....P#
#.......###PPP~#
#........PP~~~~.
#######o~$~♣PP~~
#@P♣♣♣ ♣♣~


#Doo♣ #oo♣♣ #~~~ #.~.~ #.$~.. ##..~.~ ..##.$ You could see Prince Ribbit, a
steam dragon, 4 orc wizards and an orc (very drained).

Vanquished Creatures
  The ghost of pk666 the Magician, an amateur DEHW (D:3)
  An orc warrior (D:6)
  2 ogres
  A black bear (D:5)
  3 hounds
  2 jellies (D:4)
  4 iguanas
  An orc wizard (D:2)
  Robin (D:2)
  5 adders
  4 gnolls (D:3)
  A shadow imp (D:5)
  2 worms
  8 orcs
  5 ball pythons
  3 bats (D:1)
  4 endoplasms
  A giant cockroach (D:2)
  16 goblins
  7 hobgoblins
  4 jackals (D:3)
  2 quokkas
  A frilled lizard (D:2)
  4 kobolds
  9 rats
92 creatures vanquished.

Vanquished Creatures (others)
  An orc (D:6)
1 creature vanquished.

Grand Total: 93 creatures vanquished

Notes
Turn   | Place    | Note
-------+----------+-------------------------------------------
     0 | D:5      | Amnesiac the Spriggan Delver began the quest for the Orb.
     0 | D:5      | Reached XP level 1. HP: 11/11 MP: 2/2
    81 | D:4      | Found a blossoming altar of Fedhas.
    81 | D:4      | Found a shimmering altar of Xom.
    81 | D:4      | Found a stormy altar of Qazlal.
    81 | D:4      | Found an ancient bone altar of Kikubaaqudgha.
    84 | D:4      | Found a glowing golden altar of the Shining One.
   116 | D:4      | Noticed an iguana
   176 | D:5      | Noticed a hound
   178 | D:5      | Reached skill level 2 in Evocations
   178 | D:5      | Reached XP level 2. HP: 16/16 MP: 3/3
   294 | D:5      | Found a staircase to the Ecumenical Temple.
   299 | Temple   | Entered the Ecumenical Temple
   606 | Temple   | Became a worshipper of Gozag Ym Sagoz the Greedy
   979 | D:2      | Reached skill level 3 in Evocations
  1030 | D:2      | Noticed Robin
  1079 | D:2      | Reached XP level 3. HP: 16/19 MP: 4/4
  1181 | D:2      | Killed Robin
  1707 | D:1      | Found The Oracle's Delphic Readings.
  1716 | D:1      | Reached skill level 4 in Evocations
  1747 | D:1      | Bought a scroll of identify for 26 gold pieces
  1782 | D:1      | Reached XP level 4. HP: 24/24 MP: 5/5
  2506 | D:3      | Found a runed translucent gate.
  2506 | D:3      | Found a runed translucent gate.
  2506 | D:3      | Noticed pk666's ghost (amateur DEHW)
  2507 | D:3      | Found a runed translucent gate.
  2757 | D:3      | Reached XP level 5. HP: 24/28 MP: 6/6
  2962 | D:3      | Reached skill level 5 in Dodging
  3364 | D:3      | Killed pk666's ghost
  3365 | D:3      | Reached skill level 6 in Evocations
  3365 | D:3      | Reached XP level 6. HP: 32/32 MP: 7/7
  3447 | D:4      | Reached skill level 7 in Evocations
  3482 | D:4      | Reached skill level 8 in Evocations
  3732 | D:4      | Reached XP level 7. HP: 18/36 MP: 8/8
  4080 | D:5      | Reached skill level 9 in Evocations
  4695 | D:6      | Noticed Prince Ribbit
  4718 | D:6      | Noticed a steam dragon
  4735 | D:6      | Mangled by a steam dragon

Illustrated notes

Levels and vault maps discovered:
D:1:      dpeg_arrival_shrine, layout_rooms, nicolae_nh_oracle_at_delphi
D:2:      layout_basic, uniq_robin
D:3:      layout_basic, ebering_ghost_rock_garden
D:4:      layout_gridville, nicolae_overflow_hidden_temple
D:5:      layout_basic, temple_doors_e, grunt_decor_clamped,
          nicolae_elevator_lobby_plus
D:6:      layout_basic, serial_bayou_pond_c, nicolae_benzene_ring,
          uniq_prince_ribbit1
Temple:   minmay_temple_curvy_branch

Skill      XL: |  1  2  3  4  5  6  7 |
---------------+----------------------+-----
Evocations     | 2 3 4 6 8 9 |  9.1
Fighting       | 3 |  3.0
Dodging        | 4 5 7 |  7.5
Short Blades   | |  2.5
Stealth        | |  7.2

Action                     |  1- 3 |  4- 6 |  7- 9 || total
---------------------------+-------+-------+-------++-------
  Melee: Short sword       |    10 |       |       ||    10
         Punch             |     1 |     2 |     3 ||     6
         Trident           |    99 |       |       ||    99
         Dagger            |    35 |     5 |    26 ||    66
         Whip              |       |   130 |    57 ||   187
  Evoke: Wand              |       |     3 |     2 ||     5
    Use: Potion            |     1 |       |     3 ||     4
   Stab: Sleeping          |     7 |    12 |     5 ||    24
         Distracted        |       |     2 |     1 ||     3
         Paralysed         |       |       |     1 ||     1
 Armour: Robe              |    12 |     8 |     7 ||    27
  Dodge: Dodged            |    85 |   100 |    90 ||   275

Table legend: (Time is in decaauts)
 A = Elapsed time spent in this place.
 B = Non-inter-level travel time spent in this place.
 C = Inter-level travel time spent in this place.
 D = Time resting spent in this place.
 E = Time spent auto-exploring this place.
 F = Levels seen in this place.
 G = Mean time per level.
                   A        B        C        D        E       F      G
               +--------+--------+--------+--------+--------+-----+--------+
         Total |   3157 |   2927 |    230 |     84 |   1859 |   7 |  451.0 |
       Dungeon |   2952 |   2761 |    191 |     84 |   1713 |   6 |  492.0 |
        Temple |    205 |    167 |     38 |      0 |    146 |   1 |  205.0 |
               +--------+--------+--------+--------+--------+-----+--------+

Top non-repeatable levels by time:
     D:2: 757 daAuts
     D:5: 679 daAuts
     D:3: 647 daAuts
     D:4: 436 daAuts
     D:1: 340 daAuts
  Temple: 205 daAuts
     D:6: 91 daAuts
